 Dungeon Crawl Stone Soup version 0.30-a0-778-g2ef04afb54 (webtiles) character file.

Game seed: 13108583929779993854

355 Smoke131 the Chucker (level 6, -1/61 HPs)
             Began as an Ogre Gladiator on Feb 15, 2023.
             Slain by TheSexyCheese's ghost (8 damage)
             ... on level 3 of the Dungeon.
             The game lasted 00:06:30 (2712 turns).

Smoke131 the Chucker (Ogre Gladiator)               Turns: 2712, Time: 00:06:30

Health: -1/61      AC:  4    Str: 19    XL:     6   Next: 63%
Magic:  6/6        EV: 10    Int:  9    God:
Gold:   129        SH:  0    Dex: 12    Spells: 5/5 levels left

rFire   . . .      SeeInvis .    a - +0 war axe
rCold   . . .      Faith    .    (no shield)
rNeg    . . .      Spirit   .    b - +0 robe
rPois   .          Reflect  .    c - +0 hat
rElec   .          Harm     .    l - +0 cloak
rCorr   .          Rampage  .    (gloves unavailable)
Will    .....                    (boots unavailable)
Stlth   +                        (no amulet)
HPRegen 0.30/turn                (no ring)
MPRegen 0.10/turn                (no ring)

@: mighty
A: large, unfitting armour, tough skin 1
a: no special abilities


You were on level 3 of the Dungeon.
You visited 1 branch of the dungeon, and saw 3 of its levels.

You collected 129 gold pieces.

Inventory:

Hand Weapons
 a - a +0 war axe (weapon)
Missiles
 d - 3 throwing nets (quivered)
 j - 16 stones
Armour
 b - a +0 robe (worn)
 c - a +0 hat (worn)
 l - a +0 cloak (worn)
Jewellery
 m - a ring of resist corrosion
Scrolls
 g - 2 scrolls of noise {unknown}
 p - a scroll of enchant weapon {unknown}
Potions
 e - a potion of ambrosia {unknown}
 f - 2 potions of mutation
 h - 2 potions of curing
 i - a potion of might
 n - a potion of invisibility {unknown}


   Skills:
 - Level 3.0 Fighting
 - Level 3.0 Axes
 + Level 6.6 Throwing
 - Level 3.0 Dodging


You had 5 spell levels left.
You didn't know any spells.
Your spell library was empty.

Dungeon Overview and Level Annotations

Branches:
Dungeon (3/15)

Altars:

Annotations:
D:3 TheSexyCheese's ghost, amateur BaFi


Innate Abilities, Weirdness & Mutations

You are too large for most types of armour.
You have tough skin. (AC +1)


Message History

You throw a javelin.
The javelin pierces through TheSexyCheese's ghost!
TheSexyCheese's ghost is heavily damaged.
You hear a splash.
TheSexyCheese's ghost hits you!
Throw: 2 javelins
Press: ? - help, Q - select action, (/) - cycle Shift-Dir - straight line, f/p - TheSexyCheese's ghost
Aim: TheSexyCheese's ghost (heavily damaged, 65% to hit)
You throw a javelin.
The javelin pierces through TheSexyCheese's ghost.
TheSexyCheese's ghost is heavily damaged.
You hear a splash.
TheSexyCheese's ghost closely misses you.
Throw: javelin
Press: ? - help, Q - select action, (/) - cycle Shift-Dir - straight line, f/p - TheSexyCheese's ghost
Aim: TheSexyCheese's ghost (heavily damaged, 65% to hit)
You throw a javelin.
The javelin closely misses TheSexyCheese's ghost.
You hear a splash.
TheSexyCheese's ghost closely misses you.
It was a potion of might.
You feel very mighty all of a sudden.
TheSexyCheese's ghost closely misses you.
You barely miss TheSexyCheese's ghost.
TheSexyCheese's ghost is heavily damaged.
TheSexyCheese's ghost hits you!
TheSexyCheese's ghost barely misses you.
You closely miss TheSexyCheese's ghost.
TheSexyCheese's ghost is heavily damaged.
TheSexyCheese's ghost barely misses you.
You hit TheSexyCheese's ghost.
TheSexyCheese's ghost is heavily damaged.
TheSexyCheese's ghost hits you!
* * * LOW HITPOINT WARNING * * *
TheSexyCheese's ghost attacks as you move away!
TheSexyCheese's ghost hits you.
* * * LOW HITPOINT WARNING * * *
TheSexyCheese's ghost attacks as you move away!
TheSexyCheese's ghost hits you!
You die...

#.# #.# #.# #.# #.#########
#.##......# ########.##.####.#
###.....#...#.####.#
##.#(~~~~'.W@.......#
#..#.....#...#.###..####
#..#######..##.........#
#.#...#.........##..##.#
####.#...###...###.##..##.##
#..............###<##......#
#.##.###.####...##.##.###..####
#.##.###.###..................#
#.##.....##........###.#...##.#


You could see TheSexyCheese's ghost.

Vanquished Creatures
  Grinder (D:3)
  An orc priest (D:3)
  Jessica (D:2)
  4 adders
  A dart slug (D:1)
  7 orcs (D:3)
  8 endoplasms
  4 giant cockroaches
  8 goblins
  4 hobgoblins
  2 jackals (D:1)
  3 quokkas
  3 ball pythons
  5 bats
  6 frilled lizards
  4 kobolds
  9 rats
71 creatures vanquished.

Notes
Turn   | Place    | Note
-------+----------+-------------------------------------------
     0 | D:1      | Smoke131 the Ogre Gladiator began the quest for the Orb.
     0 | D:1      | Reached XP level 1. HP: 22/22 MP: 1/1
   125 | D:1      | Reached XP level 2. HP: 4/31 MP: 2/2
   467 | D:1      | Reached XP level 3. HP: 26/37 MP: 3/3
   485 | D:1      | Reached skill level 3 in Throwing
   863 | D:2      | Found a faded altar of an unknown god.
  1120 | D:2      | Reached XP level 4. HP: 42/45 MP: 4/4
  1241 | D:2      | Reached skill level 4 in Throwing
  1275 | D:2      | Noticed Jessica
  1279 | D:2      | Killed Jessica
  1847 | D:3      | Reached XP level 5. HP: 46/53 MP: 5/5
  1873 | D:3      | Reached skill level 5 in Throwing
  2206 | D:3      | Noticed Grinder
  2212 | D:3      | Killed Grinder
  2213 | D:3      | Reached skill level 6 in Throwing
  2213 | D:3      | Reached XP level 6. HP: 51/61 MP: 6/6
  2262 | D:3      | Found a runed translucent door.
  2301 | D:3      | Noticed TheSexyCheese's ghost (amateur BaFi)
  2712 | D:3      | Slain by TheSexyCheese's ghost

Illustrated notes

Levels and vault maps discovered:
D:1:      doesnt_arrival_eight_statues, layout_loops_ring
D:2:      layout_basic, basic_ecumenical_altar, minmay_tiny_reverse_x,
          uniq_jessica
D:3:      layout_loops_corners, ebering_ghost_reflecting_pool, uniq_grinder

Skill      XL: |  1  2  3  4  5 |
---------------+----------------+-----
Fighting       | 3 |  3.0
Dodging        | 3 |  3.0
Throwing       | 3 4 6 |  6.6
Axes           | |  3.0

Action                     |  1- 3 |  4- 6 || total
---------------------------+-------+-------++-------
  Melee: War axe           |    99 |    91 ||   190
         Punch             |     1 |     1 ||     2
  Throw: Javelin           |       |    13 ||    13
         Large rock        |       |     3 ||     3
    Use: Scroll            |       |     5 ||     5
         Potion            |       |     1 ||     1
   Stab: Sleeping          |     2 |       ||     2
 Armour: Robe              |    41 |    31 ||    72
  Dodge: Dodged            |    66 |    51 ||   117

Table legend: (Time is in decaauts)
 A = Elapsed time spent in this place.
 B = Non-inter-level travel time spent in this place.
 C = Inter-level travel time spent in this place.
 D = Time resting spent in this place.
 E = Time spent auto-exploring this place.
 F = Levels seen in this place.
 G = Mean time per level.
                   A        B        C        D        E       F      G
               +--------+--------+--------+--------+--------+-----+--------+
         Total |   2784 |   2719 |     65 |    270 |   1766 |   3 |  928.0 |
       Dungeon |   2784 |   2719 |     65 |    270 |   1766 |   3 |  928.0 |
               +--------+--------+--------+--------+--------+-----+--------+

Top non-repeatable levels by time:
     D:3: 1113 daAuts
     D:2: 856 daAuts
     D:1: 814 daAuts
